 Dungeon Crawl Stone Soup version 0.32-a0-560-g4c7f4391e0 (webtiles) character file.

Game seed: 15951767683828964622

291 Dittersdorf the Trooper (level 6, -3/39 HPs)
             Began as a Gargoyle Fighter on Feb 29, 2024.
             Incinerated by a bombardier beetle (6 damage)
             ... with a burning spray
             ... on level 3 of the Dungeon.
             The game lasted 00:01:54 (2143 turns).

Dittersdorf the Trooper (Gargoyle Fighter)          Turns: 2143, Time: 00:01:54

Health: -3/39      AC: 12    Str: 21    XL:     6   Next: 32%
Magic:  6/6        EV:  9    Int:  9    God:
Gold:   227        SH:  4    Dex:  9    Spells: 5/5 levels left

rFire   . . .        a - +0 flail
rCold   . . .        c - +0 buckler
rNeg    + . .        b - +0 scale mail
rPois   ∞            (no helmet)
rElec   +            l - +0 cloak
rCorr   .            (no gloves)
SInv    .            (no boots)
Will    +....        (no amulet) Stlth
                     h - ring of willpower
HPRegen 0.26/turn    (no ring)
MPRegen 0.10/turn

%: no passive effects
@: on fire, glowing
A: sickness immunity, AC +4, negative energy resistance 1, electricity
resistance, torment resistance 1, petrification resistance
a: no special abilities


You were on level 3 of the Dungeon.
You visited 1 branch of the dungeon, and saw 3 of its levels.

You collected 227 gold pieces.

Inventory:

Hand Weapons
 a - a +0 flail (weapon)
Armour
 b - a +0 scale mail (worn)
 c - a +0 buckler (worn)
 l - a +0 cloak (worn)
Jewellery
 h - a ring of willpower (left hand)
Scrolls
 e - 2 scrolls of poison {unknown}
 g - a scroll of blinking {unknown}
 j - 2 scrolls of vulnerability {unknown}
 k - a scroll of enchant weapon {unknown}
 p - a scroll of identify {unknown}
 q - 2 scrolls of teleportation {unknown}
Potions
 d - 2 potions of might
 f - 3 potions of curing {unknown}
 i - a potion of haste {unknown}
 m - a potion of degeneration {unknown}
 n - a potion of heal wounds {unknown}
 o - 2 potions of lignification {unknown}
 r - a potion of brilliance {unknown}


   Skills:
 + Level 4.7 Fighting
 + Level 3.6 Maces & Flails
 + Level 4.7 Armour
 + Level 4.7 Shields


You had 5 spell levels left.
You didn't know any spells.
Your spell library contained the following spells:

 Spells                   Type           Power      Damage    Failure   Level
 Shock                    Conj/Air       0%         1d3       78%         1
 Blink                    Tloc           0%         N/A       89%         2
 Lesser Beckoning         Tloc           0%         N/A       89%         2
 Momentum Strike          Conj/Tloc      0%         3d8       89%         2


Dungeon Overview and Level Annotations

Branches:
Dungeon (3/15)

Altars:


Innate Abilities, Weirdness & Mutations

You are immune to sickness and miasma.
Your stone body is resilient. (AC +4)
You are immune to poison.
You resist negative energy. (rN+)
You are resistant to electric shocks. (rElec)
You are resistant to unholy torment.
You are immune to petrification.


Message History

The liquid fire burns you!
You block the bombardier beetle's attack.
You hit the bombardier beetle.
The bombardier beetle is severely wounded.
The liquid fire burns you!
You barely miss the bombardier beetle.
The bombardier beetle is severely wounded.
The liquid fire burns you!
The bombardier beetle bites you but does no damage.
You closely miss the bombardier beetle.
The bombardier beetle is severely wounded.
The liquid fire burns you!
The bombardier beetle barely misses you.
You are too injured to fight recklessly!
You are too injured to fight recklessly!
You are too injured to fight recklessly!
You are too injured to fight recklessly!
You are too injured to fight recklessly!
You are too injured to fight recklessly!
You are too injured to fight recklessly!
You are too injured to fight recklessly!
You are too injured to fight recklessly!
You are too injured to fight recklessly!
You are too injured to fight recklessly!
You are too injured to fight recklessly!
You are too injured to fight recklessly!
You are too injured to fight recklessly!
You hit the bombardier beetle but do no damage.
The bombardier beetle is severely wounded.
The liquid fire burns you!
* * * LOW HITPOINT WARNING * * *
The bombardier beetle bites you but does no damage.
You hit the bombardier beetle.
The bombardier beetle is almost dead.
The liquid fire burns you!
* * * LOW HITPOINT WARNING * * *
You hit the bombardier beetle but do no damage.
The bombardier beetle is almost dead.
The liquid fire burns you!
You die...

....†###.......##..
####...............
#.###.#######...
#.#.........#....
#.#.#.#####.#.#.########
#.#.#...# #.#.#........#
#.#.#.#.# #.#.#........#
#.#.#.#.###.#B#........#
#.#.#.#.....#@#........#
#.#.#########.#........#######
#.#.......)............†......
#.........#...>........######.
#.........'...................
#.........#......############.
#.........######## #.
####......<..# #.
...#.........# #.


You could see a bombardier beetle.

Vanquished Creatures
  A scorpion (D:2)
  A bombardier beetle (D:3)
  Crazy Yiuf (D:2)
  Natasha (thrice) (D:2)
  2 adders (D:3)
  2 ribbon worms (D:3)
  4 dart slugs
  2 orcs (D:3)
  An endoplasm (D:3)
  5 giant cockroaches
  6 goblins
  7 hobgoblins
  9 kobolds
  A quokka (D:1)
  11 ball pythons
  10 bats
  5 frilled lizards
  3 rats
74 creatures vanquished.

Vanquished Creatures (others)
  A bat (D:2)
1 creature vanquished.

Grand Total: 75 creatures vanquished

Notes
Turn   | Place    | Note
-------+----------+-------------------------------------------
     0 | D:1      | Dittersdorf the Gargoyle Fighter began the quest for the
                  | Orb.
     0 | D:1      | Reached XP level 1. HP: 14/14 MP: 1/1
    29 | D:1      | Reached XP level 2. HP: 7/19 MP: 2/2
   253 | D:1      | Reached XP level 3. HP: 21/23 MP: 3/3
   339 | D:1      | Found a faded altar of an unknown god.
   347 | D:1      | Got Plato's Folio of the Storm
   934 | D:2      | Noticed Natasha
   946 | D:2      | Killed Natasha
   947 | D:2      | Reached XP level 4. HP: 10/29 MP: 4/4
  1110 | D:2      | Noticed a scorpion
  1116 | D:2      | Killed a scorpion
  1117 | D:2      | Reached XP level 5. HP: 32/33 MP: 5/5
  1139 | D:2      | Noticed Natasha
  1159 | D:2      | Killed Natasha
  1167 | D:2      | Noticed Natasha
  1176 | D:2      | Killed Natasha
  1472 | D:2      | Found a runed translucent door.
  1473 | D:2      | Noticed Crazy Yiuf
  1479 | D:2      | Killed Crazy Yiuf
  1730 | D:3      | Reached XP level 6. HP: 39/39 MP: 6/6
  2143 | D:3      | Incinerated by a bombardier beetle

Illustrated notes

Levels and vault maps discovered:
D:1:      dpeg_arrival_pits, layout_rooms, serial_rivers,
          chequers_serial_rivers_marsh, chequers_serial_rivers_micro_e,
          chequers_serial_rivers_large_b, chequers_serial_rivers_room_a,
          chequers_serial_rivers_micro_b, shapermc_ecumenical_altar_rom_forum
D:2:      layout_basic, uniq_crazy_yiuf_cottage, uniq_natasha
D:3:      wad_crossroads, layout_basic

Skill      XL: |  1  2  3  4 |
---------------+-------------+-----
Fighting       | 4 |  4.7
Maces & Flails | 3 |  3.6
Armour         | 4 |  4.7
Shields        | 4 |  4.7

Action                     |  1- 3 |  4- 6 || total
---------------------------+-------+-------++-------
  Melee: Flail             |   133 |   119 ||   252
 Armour: Scale mail        |   173 |    70 ||   243
  Dodge: Dodged            |   100 |    44 ||   144
  Block: Buckler           |    53 |    23 ||    76

Table legend: (Time is in decaauts)
 A = Elapsed time spent in this place.
 B = Non-inter-level travel time spent in this place.
 C = Inter-level travel time spent in this place.
 D = Time resting spent in this place.
 E = Time spent auto-exploring this place.
 F = Levels seen in this place.
 G = Mean time per level.
                   A        B        C        D        E       F      G
               +--------+--------+--------+--------+--------+-----+--------+
         Total |   2280 |   2206 |     74 |    128 |   1505 |   3 |  760.0 |
       Dungeon |   2280 |   2206 |     74 |    128 |   1505 |   3 |  760.0 |
               +--------+--------+--------+--------+--------+-----+--------+

Top non-repeatable levels by time:
     D:2: 952 daAuts
     D:1: 677 daAuts
     D:3: 651 daAuts
